AoeStats
← Random

Arena

508110201Analyzed
4v4 RM · 11d ago on Sep 20, 2026· 42m 26s· 8 players
Game mode
Random Map
Map size
Large (8 player)
Population
200
Speed
Normal
Resources
Standard
Victory
Conquest
Starting age
Dark Age
Ending age
Imperial Age
RankedLock teamsTeams togetherTeam positionsShared explorationLock speedFull tech treeHidden civsTurbo modeCheats
Victory
Defeat
🇲🇽 Persians · Mexico
1618
+13
🇨🇴 Franks · Colombia
1615
+13
🇵🇹 Bengalis · Portugal
1596
+14
🇹🇼 Mongols · Taiwan
1474
+19
🇪🇸 Wei · Spain
1563
-15
🇺🇸 Britons · United States
1557
-15
🇺🇸 Malay · United States
1542
-15
🇲🇽 Mapuche · Mexico
1532
-14
PaRappa56
10:45 Feudal Age
12:13 Loom
15:14 Castle Age
13:47 Double-Bit Axe
13:57 Horse Collar
15:24 Town Watch
21:10 Bow Saw
22:40 Wheelbarrow
22:30 Heavy Plow
22:48 Gold Mining
27:33 Imperial Age
24:44 Pikeman
25:24 Squires
26:24 Forging
28:02 Chemistry
27:21 Hand Cart
28:32 Iron Casting
28:51 Conscription
28:24 Halberdier
29:39 Onager
29:53 Man-at-Arms
30:31 Long Swordsman
32:06 Siege Engineers
33:03 Fletching
34:14 Blast Furnace
34:09 Bodkin Arrow
34:02 Two-Handed Swordsman
34:28 Arson
39:42 Ballistics
39:18 Murder Holes
39:34 Masonry
eloysuarez93
9:59 Feudal Age
8:40 Loom
10:26 Feudal Age
13:28 Fletching
13:50 Horse Collar
13:55 Double-Bit Axe
19:43 Castle Age
18:07 Gold Mining
20:43 Heavy Plow
20:54 Bow Saw
23:00 Stone Mining
24:27 Wheelbarrow
26:04 Gold Shaft Mining
27:04 Stone Shaft Mining
27:11 Hand Cart
26:41 Town Watch
28:02 Bodkin Arrow
28:08 Padded Archer Armor
28:33 Masonry
28:31 Elite Skirmisher
31:26 Ballistics
34:54 Imperial Age
36:11 Crop Rotation
36:46 Chemistry
36:17 Architecture
35:18 Pikeman
36:14 Arson
36:32 Scale Mail Armor
36:43 Forging
37:38 Conscription
40:26 Crop Rotation
Random
10:03 Feudal Age
13:42 Castle Age
12:32 Double-Bit Axe
12:27 Horse Collar
14:41 Bow Saw
14:31 Heavy Plow
14:58 Heavy Plow
17:45 Town Watch
18:48 Wheelbarrow
23:19 Loom
23:27 Gold Mining
23:32 Stone Mining
26:59 Imperial Age
25:14 Scale Mail Armor
25:49 Forging
26:04 Ballistics
26:30 Fletching
26:58 Chain Mail Armor
27:05 Padded Archer Armor
26:38 Pikeman
28:08 Bodkin Arrow
29:15 Chemistry
29:39 Leather Archer Armor
29:36 Masonry
29:28 Bracer
30:36 Conscription
30:44 Yeomen
31:25 Ring Archer Armor
31:27 Architecture
31:03 Elite Longbowman
32:01 Halberdier
32:42 Squires
36:22 Plate Mail Armor
36:28 Iron Casting
37:57 Fortified Wall
39:41 Blast Furnace
38:44 Caravan
dapao
11:38 Feudal Age
15:49 Castle Age
13:59 Double-Bit Axe
13:58 Horse Collar
18:08 Bow Saw
22:16 Wheelbarrow
21:55 Heavy Plow
28:30 Imperial Age
27:43 Hand Cart
27:19 Loom
27:52 Gold Mining
28:23 Town Watch
28:46 Scale Barding Armor
29:20 Gold Shaft Mining
29:00 Husbandry
29:12 Bloodlines
29:15 Forging
28:40 Heavy Hei Guang Cavalry
31:08 Chain Barding Armor
31:24 Iron Casting
32:03 Conscription
33:20 Blast Furnace
33:39 Ming Guang Armor
32:48 Capped Ram
36:12 Town Patrol
36:19 Tuntian
37:27 Fortified Wall
38:53 Padded Archer Armor
38:44 Fletching
39:17 Ballistics
39:57 Chemistry
39:42 Thumb Ring
39:54 Leather Archer Armor
39:34 Bodkin Arrow
39:03 Elite Skirmisher
40:10 Parthian Tactics
40:31 Bracer
41:34 Chemistry
SimmaHem7912
9:52 Feudal Age
13:34 Castle Age
12:39 Double-Bit Axe
12:35 Horse Collar
14:58 Heavy Plow
20:41 Bow Saw
22:10 Wheelbarrow
22:11 Heavy Plow
25:20 Gold Mining
26:03 Stone Mining
26:51 Gold Shaft Mining
28:54 Imperial Age
26:40 Hand Cart
26:11 Loom
27:34 Stone Shaft Mining
27:52 Scale Barding Armor
28:35 Masonry
29:36 Chain Barding Armor
29:28 Forging
30:21 Chemistry
29:55 Conscription
30:50 Two-Man Saw
31:00 Plate Barding Armor
31:01 Iron Casting
32:02 Crop Rotation
31:30 Elite War Elephant
32:12 Husbandry
32:23 Bloodlines
33:57 Blast Furnace
32:49 Fletching
The .Gocho
9:38 Feudal Age
13:47 Castle Age
12:55 Double-Bit Axe
17:39 Loom
20:10 Bow Saw
21:21 Wheelbarrow
22:24 Hand Cart
22:14 Stone Mining
22:42 Gold Mining
25:05 Gold Shaft Mining
27:54 Imperial Age
25:50 Scale Barding Armor
25:55 Forging
25:38 Town Watch
26:44 Husbandry
27:07 Chain Barding Armor
28:44 Iron Casting
28:04 Cavalier
29:23 Plate Barding Armor
29:49 Chivalry
29:50 Paladin
32:40 Blast Furnace
31:31 Fletching
32:31 Conscription
33:01 Light Cavalry
37:30 Chemistry
36:51 Ballistics
36:28 Bodkin Arrow
36:06 Light Cavalry
38:56 #83
38:56 Masonry
38:52 Siege Engineers
41:51 Architecture
42:51 Coinage
42:21 Caravan
Santoryu
11:32 Feudal Age
15:17 Castle Age
13:05 Double-Bit Axe
13:30 Horse Collar
21:53 Bow Saw
23:17 Wheelbarrow
24:25 Hand Cart
24:25 Loom
28:14 Imperial Age
26:03 Heavy Plow
26:29 Gold Mining
26:41 Fletching
26:51 Padded Archer Armor
27:14 Ballistics
27:56 Gold Shaft Mining
27:32 Bodkin Arrow
27:18 Elite Skirmisher
28:47 Leather Archer Armor
29:19 Bracer
30:20 Chemistry
30:16 Ring Archer Armor
29:24 Elite Elephant Archer
31:35 Conscription
31:53 Siege Elephant
33:30 Siege Engineers
35:42 Murder Holes
35:58 Masonry
36:07 Bloodlines
35:58 Husbandry
35:19 Light Cavalry
38:09 Paiks
38:24 Mahayana
39:02 Forging
38:58 Scale Barding Armor
41:08 Iron Casting
40:54 Chain Barding Armor
(3A) Lü Bu king
1:25 Loom
5:50 Loom
7:58 Feudal Age
8:39 Double-Bit Axe
11:07 Horse Collar
18:32 Gold Mining
21:16 Castle Age
22:22 Bow Saw
22:06 Fletching
25:37 Imperial Age
23:50 Bodkin Arrow
24:29 Husbandry
25:21 Ballistics
25:30 Bloodlines
26:26 Bracer
29:41 Chemistry
31:11 Padded Archer Armor
33:03 Wheelbarrow
33:29 Conscription
33:40 Heavy Plow
34:29 Stone Mining
36:44 Elite Mangudai
40:38 Leather Archer Armor
42:47 Hand Cart
42:17 Town Watch
Connection lost

Rejoining the realm…

Still unreachable

The connection could not be restored.

Session expired

The server has moved on; the page needs a fresh start.